Map: 사이버 포레스트 - 래더

Players

Mlord (MarineLorD)

  • Race: Terran Terran
  • Spawn Location: 5:00

PartinG - Winner!

  • Race: Protoss Protoss
  • Spawn Location: 11:00

Event: IEM Season 13: Katowice (2019)

VOD

Have the link to the VOD?

Description

Time

  • Played on: Feb. 26, 2019, 6:10 a.m.
  • Length: 10:12

All games in this series

Show
View Real Time Build Order
Export as new Build Order

Mlord Terran 

Build Orders: Reaper Expand 

Get SALT Encoding   

  12  0:00  SCV  
  13  0:12  SCV  
  14  0:17  Supply Depot  
  14  0:24  SCV  
  15  0:38  SCV  
  15  0:39  Barracks  
  16  0:44  Refinery  
  16  0:50  SCV  
  17  1:02  SCV  
  18  1:14  SCV  
  19  1:26  Reaper  
  19  1:27  Orbital Command  
  20  1:40  Command Center  
  20  1:50  Supply Depot  
  20  1:52  SCV  
  21  1:56  Refinery  
  21  1:59  Barracks Reactor  
  21  2:04  SCV  
  22  2:16  SCV  
  23  2:24  Factory  
  23  2:29  SCV  
  24  2:34  Marine x2  
  26  2:41  SCV  
  26  2:52  Marine x2  
  26  2:53  SCV  
  29  3:05  SCV  
  30  3:08  Factory Tech Lab  
  30  3:09  Starport  
  30  3:10  Marine x2  
  30  3:12  Orbital Command  
  30  3:17  SCV  
  30  3:28  Marine x2  
  30  3:29  SCV  
  33  3:36  Factory Tech Lab  
  33  3:38  SCV  
  34  3:41  SCV  
  34  3:46  Barracks, Marine x2  
  37  3:50  SCV  
  37  3:52  Supply Depot  
  37  3:54  Raven  
  40  3:56  Siege Tank  
  40  3:57  SCV  
  40  4:02  SCV  
  45  4:06  Supply Depot  
  45  4:07  Marine  
  45  4:08  Marine  
  46  4:14  Refinery, SCV  
  47  4:17  Supply Depot  
  47  4:18  SCV  
  47  4:22  Barracks  
  48  4:26  SCV  
  48  4:27  Marine  
  48  4:28  Marine  
  51  4:31  SCV  
  52  4:38  SCV  
  52  4:39  Supply Depot  
  52  4:40  Factory Reactor  
  52  4:43  Engineering Bay  
  53  4:48  Stimpack  
  53  4:50  Starport Reactor  
  53  4:51  SCV  
  53  4:52  SCV  
  55  4:53  Marine  
  55  4:55  Marine  
  59  5:00  Marauder  
  59  5:04  SCV  
  59  5:05  Supply Depot  
  61  5:07  SCV  
  61  5:09  Terran Infantry Weapons Level 1  
  61  5:13  Marine x2  
  63  5:17  Marauder  
  63  5:18  Combat Shield  
  65  5:21  SCV x2  
  65  5:25  Marauder  
  69  5:29  Widow Mine x2  
  73  5:35  Medivac x2  
  73  5:40  Marauder, Marine x2  
  79  5:46  Supply Depot  
  79  5:47  Supply Depot  
  79  5:52  Marauder  
  79  5:55  Widow Mine x2  
  85  5:58  Marine  
  86  6:07  Marauder, Supply Depot  
  86  6:08  Supply Depot  
  88  6:12  SCV x2  
  88  6:15  Marauder  
  88  6:16  Marine x2  
  88  6:18  Widow Mine x2  
  98  6:22  Supply Depot  
  98  6:26  Medivac  
  100  6:33  Marauder, Marine  
  100  6:34  Marine  
  104  6:44  Marauder  
  106  6:49  Concussive Shells  
  106  6:51  Marine  
  106  6:52  Command Center, Widow Mine x2  
  111  6:56  Marauder, Marine  
  114  7:01  SCV  
  114  7:02  SCV  
  112  7:10  Marauder, Marine  
  112  7:13  Terran Infantry Armor Level 1  
  112  7:14  Barracks  
  112  7:15  Barracks, Supply Depot  
  113  7:16  SCV  
  113  7:20  Marine  
  113  7:21  Marauder  
  115  7:32  Marine  
  115  7:33  Marauder, SCV  
  115  7:37  Widow Mine x2  
  115  7:38  SCV  
  115  7:43  Marauder, Marine  
  118  7:45  SCV  
  119  7:57  Marauder, Medivac x2  
  115  8:01  Marine x2  
  115  8:05  Marauder  
  119  8:06  Orbital Command  
  119  8:09  SCV  
  119  8:10  SCV  
  121  8:16  Barracks Tech Lab, Barracks Reactor  
  121  8:24  Starport  
  121  8:25  SCV, Supply Depot  
  121  8:26  Orbital Command  
  122  8:28  Marauder, Marine  
  122  8:29  Marauder, Marine  
  122  8:33  Supply Depot  
  128  8:35  SCV  
  128  8:40  SCV  
  128  8:41  Refinery  
  128  8:45  Marauder  
  128  8:48  SCV, Marine  
  132  8:50  Marauder  
  134  8:56  Marauder, Marine x2  
  138  9:03  SCV x2  
  138  9:05  Refinery  
  138  9:06  Marauder, Refinery, Marine  
  137  9:12  Marauder, Marine  
  137  9:15  SCV  
  127  9:20  Engineering Bay, Armory  
  127  9:21  SCV x2  
  129  9:24  Supply Depot  
  129  9:27  Marauder, Marine  
  132  9:35  Medivac x2  
  132  9:37  Medivac  
  138  9:39  Marauder, Medivac, Marine x2  
  138  9:44  Marauder, Marine  
  147  9:49  Marine  
  147  9:50  Marauder  
Show
View Real Time Build Order
Export as new Build Order

PartinG Protoss - Winner!

Build Orders: 1 Gate Expand, Blink Stalkers, Colossus Rush 

Get SALT Encoding   

  12  0:00  Probe  
  13  0:15  Pylon  
  13  0:17  Probe  
  14  0:27  Probe  
  14  0:33  Gateway  
  14  0:35  Probe  
  15  0:42  Assimilator  
  16  0:44  Probe  
  17  0:56  Probe  
  18  1:08  Probe  
  19  1:20  Cybernetics Core  
  19  1:24  Probe  
  20  1:33  Nexus  
  20  1:38  Probe  
  21  1:42  Pylon  
  21  1:45  Adept  
  21  1:47  Assimilator  
  21  1:57  Warp Gate  
  21  2:00  Probe  
  24  2:06  Stalker  
  24  2:12  Probe  
  27  2:25  Twilight Council, Probe  
  28  2:35  Stalker  
  30  2:37  Probe  
  30  2:39  Blink  
  31  2:47  Probe  
  32  2:54  Probe  
  32  2:55  Probe  
  33  3:05  Stalker  
  34  3:08  Probe  
  34  3:09  Probe  
  36  3:20  Probe  
  36  3:22  Probe  
  36  3:28  Robotics Facility  
  36  3:33  Probe  
  36  3:34  Probe  
  38  3:35  Gateway  
  38  3:38  Gateway  
  38  3:45  Probe  
  38  3:46  Pylon, Probe  
  40  3:51  Stalker  
  42  3:57  Probe  
  42  3:58  Probe  
  42  4:00  Assimilator  
  42  4:02  Assimilator  
  44  4:07  Pylon  
  44  4:09  Probe  
  45  4:12  Probe  
  46  4:18  Stalker, Pylon  
  46  4:20  Observer  
  46  4:22  Probe  
  50  4:25  Probe  
  50  4:31  Forge  
  51  4:34  Probe  
  51  4:37  Stalker, Probe  
  55  4:41  Observer, Stalker  
  55  4:45  Stalker  
  60  4:50  Probe x2  
  62  4:53  Pylon  
  62  4:57  Robotics Bay  
  62  5:01  Charge  
  62  5:06  Protoss Ground Weapons Level 1  
  62  5:15  Observer  
  63  5:27  Nexus, Colossus  
  63  5:29  Pylon  
  63  5:34  Probe x2  
  65  5:46  Extended Thermal Lance  
  65  5:48  Probe x2  
  73  5:52  Gateway  
  73  5:53  Gateway  
  73  5:58  Gateway  
  73  6:03  Probe x2  
  75  6:07  Sentry x2, Zealot, Observer  
  75  6:10  Observer  
  81  6:12  Gateway  
  81  6:18  Gateway  
  81  6:20  Pylon  
  81  6:27  Colossus  
  81  6:34  Probe x2  
  81  6:36  Pylon  
  81  6:37  Observer  
  89  6:46  Zealot x2  
  89  6:47  Zealot  
  95  6:49  Zealot  
  95  6:50  Probe  
  95  6:51  Probe  
  95  6:52  Probe  
  100  6:56  Zealot  
  102  7:03  Protoss Ground Armor Level 1  
  96  7:10  Stalker x4  
  96  7:14  Observer  
  104  7:19  Stalker x2  
  104  7:20  Stalker  
  104  7:21  Probe x2  
  108  7:41  Stalker x2  
  108  7:42  Zealot, Stalker  
  116  7:45  Pylon  
  116  7:46  Pylon  
  116  7:47  Observer, Pylon  
  116  7:48  Colossus  
  116  7:50  Observer  
  112  7:53  Stalker x3  
  116  8:01  Zealot  
  118  8:13  Zealot x4  
  118  8:15  Observer  
  118  8:18  Probe x2  
  128  8:34  Zealot x5  
  128  8:38  Warp Prism  
  136  8:45  Stalker  
  140  8:48  Pylon  
  140  8:50  Pylon  
  140  8:52  Pylon  
  140  9:01  Pylon  
  135  9:14  Stalker x2  
  135  9:15  Zealot x6  
  135  9:16  Pylon  
  145  9:30  Nexus  
  145  9:38  Zealot x2  
  145  9:39  Zealot x2  
  131  9:53  Zealot x2  
  131  9:56  Probe x2  
  120  10:10  Zealot  

Tags
 
Add a new tag
Caveats
  • Supply blocks, unpowered buildings, or Contaminate may cause inaccurate times.
  • Supply counts are checked every 10 seconds.